 Dungeon Crawl Stone Soup version 0.24.0-123-gd5b16e6ec5 (webtiles) character file.

Game seed: 11576567429907820082, levelgen mode: deterministic

20 FishyPogo the Skirmisher (level 2, -4/24 HPs)
             Began as a Demonspawn Fighter on Jan 27, 2020.
             Slain by a shadow imp (5 damage)
             ... on level 4 of the Dungeon.
             The game lasted 00:01:14 (177 turns).

FishyPogo the Skirmisher (Demonspawn Fighter)        Turns: 177, Time: 00:01:14

Health: -4/24      AC:  6    Str: 16    XL:     2   Next: 58%
Magic:  2/2        EV: 11    Int:  9    God:
Gold:   14         SH:  9    Dex: 17    Spells: 1/1 levels left

rFire    . . .     SeeInvis .   a - +0 rapier
rCold    . . .     Gourm    .   c - +0 shield
rNeg     . . .     Faith    +   b - +0 scale mail
rPois    .         Spirit   .   (no helmet)
rElec    .         Reflect  .   (no cloak)
rCorr    .         Harm     .   (no gloves)
MR       .....                  (no boots)
Stlth    +.........             i - amulet of faith
HPRegen  0.08/turn              (no ring)
MPRegen  0.08/turn              (no ring)

@: agile
A: talons 1
a: no special abilities


You were on level 4 of the Dungeon.
You were not hungry.

You visited 1 branch of the dungeon, and saw 4 of its levels.

You collected 14 gold pieces.

Inventory:

Hand Weapons
 a - a +0 rapier (weapon)
Missiles
 e - 19 stones (quivered)
Armour
 b - a +0 scale mail (worn)
 c - a +0 shield (worn)
Jewellery
 i - an amulet of faith (around neck)
Potions
 d - a potion of might
 j - a potion of curing {unknown}
Comestibles
 f - a ration
 g - 9 chunks of flesh


   Skills:
 + Level 3.2 Fighting
 - Level 2.0 Short Blades
 + Level 2.9 Armour
 * Level 3.0 Shields


You had one spell level left.
You didn't know any spells.
Your spell library was empty.

Dungeon Overview and Level Annotations

Branches:
Dungeon (4/15)
 Temple: D:4-7

Altars:
Uskayaw


Innate Abilities, Weirdness & Mutations

You have sharp toenails.


Message History

The howler monkey is heavily wounded.
The shadow imp spits at you. The shadow imp barely misses you.
The howler monkey hits you.
Unknown command.
You hit the howler monkey.
The howler monkey is almost dead.
The shadow imp hits you.
* * * LOW HITPOINT WARNING * * *
You block the howler monkey's attack. The phantom hits you.
* * * LOW HITPOINT WARNING * * *
The phantom blinks!
An adder comes into view.
The shadow imp closely misses you.
The howler monkey hoots and howls with incredible vigour!
It was a potion of agility.
You feel agile all of a sudden. The howler monkey hits you.
* * * LOW HITPOINT WARNING * * *
The shadow imp hits you.
You die...

.!)%..5.######
......8.#.W..#
.....S..#....#
.......8......#
..........§...#
#..##...##....#
.......###....#
......5#§..W..#
.###..@h#....#
......#########
#.###


You could see a phantom, a howler monkey, an adder and a shadow imp.

Vanquished Creatures
  A dart slug (D:1)
  A leopard gecko (D:1)
  2 hobgoblins (D:1)
  5 bats
  A frilled lizard (D:1)
  3 goblins (D:1)
  2 kobolds (D:1)
  2 rats (D:1)
17 creatures vanquished.

Notes
Turn   | Place    | Note
-------+----------+-------------------------------------------
     0 | D:1      | FishyPogo the Demonspawn Fighter began the quest for the
                  | Orb.
     0 | D:1      | Reached XP level 1. HP: 18/18 MP: 1/1
    52 | D:1      | Gained mutation: You have sharp toenails. [demonic
                  | ancestry]
    52 | D:1      | Reached XP level 2. HP: 24/24 MP: 2/2
   147 | D:3      | Noticed an ogre
   151 | D:4      | Found a hide-covered altar of Uskayaw.
   151 | D:4      | Noticed a phantom
   154 | D:4      | Noticed a howler monkey
   177 | D:4      | HP: 1/24 [howler monkey (1)]
   177 | D:4      | Slain by a shadow imp

Levels and vault maps discovered:
D:1:      matt_arrival_diagonals, layout_basic, st_stairs_9
D:2:      layout_basic, nicolae_overflow_hidden_temple, cheibriados_altar_1,
          lemuel_coloured_pillars_altar, lemuel_round_altar, uniq_robin,
          uniq_jessica
D:3:      layout_rooms, led_xom_imps, gammafunk_temple_overflow_arena,
          serial_forest, infiniplex_forest_end_1, infiniplex_forest_3_way,
          infiniplex_forest_lined_corner, infiniplex_forest_clump_small,
          infiniplex_forest_straight_3, infiniplex_forest_end_1,
          infiniplex_forest_lined_2, infiniplex_forest_straight_4,
          infiniplex_forest_clump_curved, first_ration, uniq_grinder
D:4:      layout_rooms, kennysheep_ying_yang, grunt_temple_overflow_open,
          eat_drink_and_be_merry_uskayaw, minmay_temple_entry_ruins,
          cheibrodos_sewer_entry_drain, uniq_blork_the_orc, uniq_eustachio

Skill      XL: |  1  2 |
---------------+-------+-----
Short Blades   | 2 |  2.0
Shields        | 3 |  3.0
Fighting       | |  3.2
Armour         | |  2.9

Action                   || total
-------------------------++-------
Melee: Rapier            ||    49
       Kick              ||     5
  Use: Scroll            ||     1
       Potion            ||     1
Armor: Scale mail        ||    28
Dodge: Dodged            ||    16
Block: Shield            ||    19
